 Dungeon Sprint DCSS version 0.14-a0-1686-g0e827d1 (webtiles) character file.

25 LoliLover the Digger (level 2, -3/22 HPs)
             Began as a Deep Dwarf Earth Elementalist on Dec 30, 2013.
             Was a Believer of Makhleb.
             Slain by an iron imp
             ... wielding a +0,+0 orcish whip
              (13 damage)
             ... in the Dungeon (Sprint VII: "The Pits").
             The game lasted 00:04:12 (269 turns).

LoliLover the Digger (Deep Dwarf Earth Elementalist) Turns: 269, Time: 00:04:12

HP  -3/22        AC  2     Str 11      XL: 2   Next: 82%
MP   0/5         EV 13     Int 15      God: Makhleb [**....]
Gold 0           SH  0     Dex 13      Spells:  1 memorised,  5 levels left

rFire  . . .     SeeInvis .     s - staff of energy
rCold  . . .     Clarity  .     c - +0 robe
rNeg   . . .     Conserve .     (no shield)
rPois  .         rCorr    .     (no helmet)
rElec  .         rRot     .     (no cloak)
SustAb . .       Spirit   .     (no gloves)
rMut   .         Warding  .     (no boots)
Saprov . . .     NoTele   +     (no amulet)
                                (no ring)
                                (no ring)

@: non-regenerating, slightly resistant to hostile enchantments, fairly stealthy
A: damage resistance, recharge devices, sense surroundings 1, slow healing 3
a: Device Recharging, Minor Destruction, Renounce Religion


You were in the Dungeon.
You worshipped Makhleb.
Makhleb was pleased with you.
You were not hungry.

You visited 1 branch

Inventory:

Missiles
 b - 28 stones (quivered)
Armour
 c - a +0 robe (worn)
Magical devices
 a - a wand of heal wounds (3)
Comestibles
 f - 8 bread rations
 l - 40 strawberries
 m - 7 meat rations
Scrolls
 k - a scroll of blinking
 o - 2 scrolls of vulnerability
 p - 3 scrolls of remove curse
 q - 5 scrolls of amnesia
 r - a scroll of summoning
Potions
 g - a potion of heal wounds
 h - a potion of speed
 i - 4 potions of magic
 j - 3 potions of berserk rage
 n - 2 potions of invisibility
Books
 d - a book of Geomancy

   Spells                             Type                      Level
   *Sandblast                         Earth                        1
   Stoneskin                          Transmutation/Earth          2
   Passwall                           Transmutation/Earth          3
   Stone Arrow                        Conjuration/Earth            3
   Petrify                            Transmutation/Earth          4
   Lee's Rapid Deconstruction         Earth                        5
Magical staves
 s - an uncursed staff of energy (weapon)


   Skills:
 + Level 3.5 Dodging
 - Level 2.4 Stealth
 + Level 2.6 Spellcasting
   Level 0.8 Transmutations
 * Level 6.3 Earth Magic
 + Level 3.1 Evocations


You had 5 spell levels left.
You knew the following spells:

 Your Spells              Type           Power        Failure   Level  Hunger
a - Sandblast             Erth           ###...       1%          1    None


Dungeon Overview and Level Annotations

Branches:
Dungeon (1/1)

Altars:
Ashenzari
Cheibriados
Elyvilon
Fedhas
Kikubaaqudgha
Makhleb
Nemelex Xobeh
Okawaru
Sif Muna
Trog
Vehumet
Xom
Yredelemnul
Zin
the Shining One
Beogh
Jiyva
Lugonu


Innate Abilities, Weirdness & Mutations

You are resistant to damage.
You can recharge devices by infusing magical energy.
You passively map a small area around you.
You do not heal naturally.


Message History

The iron imp is severely wounded.
You feel slightly more hungry.
The iron imp hits you but does no damage.
Use which ability? (? or * to list)
You fail to use your ability.
Use which ability? (? or * to list)
Press: ? - help, Shift-Dir - straight line, f/p - iron imp
Aim: an iron imp, wielding an orcish whip (severely wounded)
The acid hits the iron imp.
The iron imp is severely wounded.
You feel slightly more hungry. The iron imp closely misses you.
Use which ability? (? or * to list)
Press: ? - help, Shift-Dir - straight line, f/p - iron imp
Aim: an iron imp, wielding an orcish whip (severely wounded)
The zap hits the iron imp.
The iron imp appears unharmed.
The iron imp is severely wounded.
You feel slightly more hungry.
The iron imp hits you with an orcish whip!
Ouch! That really hurt!
You die...

#_____..___#* * * +
#######'##############++
#.))).'.'..##............
#.))).#.#..##......#..#...
#######'#####.............
#...........'.............
#+#####'#####......#..#....
#..#..#..##.............. *
#..'%.'.@#####'#####++###
,##+####5###.......# + ,
(.S #.......# , .....,
#.......#* * * ###+##
*#...<...# , , ,, #.......#
,, * * , #.......# *
*#.......# , , #########


You could see an iron imp and a ball python.

Vanquished Creatures
  A gnoll (D)
  A giant centipede (D)
  A giant eyeball (D)
  An orc (D)
  A hobgoblin (D)
  A quokka (D)
  A bat (D)
7 creatures vanquished.

Notes
Turn   | Place    | Note
--------------------------------------------------------------
     0 | D        | LoliLover, the Deep Dwarf Earth Elementalist, began the quest for the Orb.
     0 | D        | Reached XP level 1. HP: 15/15 MP: 2/2
    25 | D        | Found a basalt altar of Yredelemnul.
    25 | D        | Found a deep blue altar of Sif Muna.
    25 | D        | Found a burning altar of Makhleb.
    25 | D        | Found a shimmering altar of Xom.
    25 | D        | Found an ancient bone altar of Kikubaaqudgha.
    25 | D        | Found a sparkling altar of Nemelex Xobeh.
    26 | D        | Found a glowing golden altar of the Shining One.
    26 | D        | Found a bloodstained altar of Trog.
    26 | D        | Found a shattered altar of Ashenzari.
    26 | D        | Found a white marble altar of Elyvilon.
    26 | D        | Found a snail-covered altar of Cheibriados.
    26 | D        | Found a blossoming altar of Fedhas.
    26 | D        | Found a radiant altar of Vehumet.
    26 | D        | Found a glowing silver altar of Zin.
    26 | D        | Found a corrupted altar of Lugonu.
    26 | D        | Found a viscous altar of Jiyva.
    26 | D        | Found a roughly hewn altar of Beogh.
    26 | D        | Found an iron altar of Okawaru.
    29 | D        | Became a worshipper of Makhleb the Destroyer
   122 | D        | Paralysed by a giant eyeball for 3 turns
   128 | D        | Reached skill level 5 in Earth Magic
   128 | D        | Reached skill level 1 in Evocations
   128 | D        | Reached XP level 2. HP: 14/22 MP: 0/5
   128 | D        | Paralysed by a giant eyeball for 4 turns
   137 | D        | Acquired Makhleb's first power
   216 | D        | Reached skill level 6 in Earth Magic
   247 | D        | Noticed an iron imp
   251 | D        | Acquired Makhleb's second power
   269 | D        | Slain by an iron imp

Action                   || total
-------------------------++-------
Melee: Staff             ||    19
Throw: Stone             ||     2
 Cast: Sandblast         ||    21
Invok: Minor Destruction ||     5
Evoke: Wand              ||     2
       staff of energy   ||     1
  Use: Potion            ||     1
 Stab: Sleeping          ||     2
